 Dungeon Crawl Stone Soup version 0.26-a0-610-g3e9335b (webtiles) character file.

Game seed: 6488346696387416176

244 Deathlysoul the Skirmisher (level 5, -2/48 HPs)
             Began as a Minotaur Fighter on Sept 5, 2020.
             Slain by an orc priest
             ... wielding a +0 trident
              (4 damage)
             ... on level 3 of the Dungeon.
             The game lasted 00:09:02 (3466 turns).

Deathlysoul the Skirmisher (Minotaur Fighter)       Turns: 3466, Time: 00:09:02

Health: -2/48      AC:  7    Str: 21    XL:     5   Next: 83%
Magic:  4/4        EV:  7    Int:  5    God:
Gold:   243        SH: 10    Dex: 10    Spells: 4/4 levels left

rFire    . . .     SeeInvis .   a - +0 flail
rCold    . . .     Faith    .   c - +0 kite shield
rNeg     . . .     Spirit   .   b - +0 scale mail
rPois    .         Reflect  .   (helmet restricted)
rElec    .         Harm     .   (no cloak)
rCorr    .                      (no gloves)
MR       .....                  (no boots)
Stlth    ..........             (no amulet)
HPRegen  0.16/turn              (no ring)
MPRegen  0.09/turn              (no ring)

@: no status effects
A: retaliatory headbutt, horns 2
a: no special abilities


You were on level 3 of the Dungeon.
You visited 1 branch of the dungeon, and saw 3 of its levels.

You collected 243 gold pieces.

Inventory:

Hand Weapons
 a - a +0 flail (weapon)
 o - a +0 mace of protection
Armour
 b - a +0 scale mail (worn)
 c - a +0 kite shield (worn)
Jewellery
 t - an uncursed ring of poison resistance {unknown}
Wands
 s - a wand of paralysis (9)
Scrolls
 e - 6 scrolls of identify {unknown}
 f - 4 scrolls of remove curse {unknown}
 i - a scroll of amnesia {unknown}
 k - a scroll of noise {unknown}
 l - 4 scrolls of fear {unknown}
 p - 3 scrolls of enchant armour {unknown}
 q - a scroll of teleportation {unknown}
 r - a scroll of fog {unknown}
 u - a scroll of blinking {unknown}
Potions
 d - a potion of might
 g - 2 potions of haste {unknown}
 h - a potion of invisibility {unknown}
 j - a potion of brilliance {unknown}
 m - 2 potions of curing {unknown}
 n - a potion of berserk rage {unknown}


   Skills:
 + Level 5.1 Fighting
 + Level 4.3 Maces & Flails
 - Level 5.0 Armour
 - Level 5.0 Shields


You had 4 spell levels left.
You didn't know any spells.
Your spell library was empty.

Dungeon Overview and Level Annotations

Branches:
Dungeon (3/15)

Altars:
Qazlal
Wu Jian
Yredelemnul


Innate Abilities, Weirdness & Mutations

You reflexively headbutt those who attack you in melee.
You have a pair of horns on your head.


Message History

Beogh smites you!
You are too injured to fight recklessly!
You are too injured to fight recklessly!
You are too injured to fight recklessly!
You are too injured to fight recklessly!
You are too injured to fight recklessly!
You are too injured to fight recklessly!
You closely miss the orc priest. The orc priest closely misses you.
The orc priest calls down the wrath of Beogh upon you.
Beogh smites you!
* * * LOW HITPOINT WARNING * * *
You hit the orc priest but do no damage.
Your headbutt misses the orc priest.
The orc priest invokes the aid of Beogh against you.
Pain shoots through your body!
* * * LOW HITPOINT WARNING * * *
You hit the orc priest. Your headbutt misses the orc priest.
The orc priest is moderately wounded.
The orc priest hits you with a +0 trident.
You die...

####.....>...##.###)# #......#
#..'..........._..#.# #.......
#.##..........#.#.#.####.......
#.#...............#............
#.#...............#..########..
#.#...............#..# #.......
#.##..............#..###.#####.
#............)o####......#####.
####.........#@####.###........
######o####........#.#######
#.# ######.#.#.....# # #o#
#.#.#####.### #.# #.#........##
#.# #.#.##..#..## #o#
#.####..#..#
#.#########.......#.<##
#........########.#....


You could see an orc priest.

Vanquished Creatures
  2 orc priests
  Crazy Yiuf (D:2)
  An orc wizard (D:3)
  5 adders
  A white imp (D:2)
  A worm (D:1)
  A dart slug (D:2)
  4 leopard geckos (D:1)
  10 orcs
  2 giant cockroaches
  5 goblins
  4 hobgoblins
  8 jackals
  6 kobolds
  5 bats
  7 frilled lizards
  5 rats
68 creatures vanquished.

Notes
Turn   | Place    | Note
-------+----------+-------------------------------------------
     0 | D:1      | Deathlysoul the Minotaur Fighter began the quest for the
                  | Orb.
     0 | D:1      | Reached XP level 1. HP: 19/19 MP: 0/0
   182 | D:1      | Reached XP level 2. HP: 27/27 MP: 1/1
   615 | D:1      | Reached XP level 3. HP: 33/33 MP: 2/2
  1621 | D:2      | Found a runed translucent door.
  1622 | D:2      | Noticed Crazy Yiuf
  1747 | D:2      | Reached XP level 4. HP: 41/41 MP: 3/3
  2035 | D:2      | Killed Crazy Yiuf
  2650 | D:2      | Reached XP level 5. HP: 47/47 MP: 4/4
  2943 | D:3      | Found a faded altar of an unknown god.
  3089 | D:3      | Found an ornate altar of the Wu Jian Council.
  3090 | D:3      | Found a basalt altar of Yredelemnul.
  3296 | D:3      | Found a stormy altar of Qazlal.
  3332 | D:3      | Reached skill level 5 in Fighting
  3332 | D:3      | Reached skill level 5 in Armour
  3462 | D:3      | Reached skill level 5 in Shields
  3465 | D:3      | HP: 2/48 [orc priest/nerve-wracking pain (2)]
  3466 | D:3      | Slain by an orc priest

Illustrated notes

Levels and vault maps discovered:
D:1:      lordsloth_arrival_two_stooges, layout_loops_ring, lemuel_flame_loot_1
D:2:      layout_basic, grunt_ministairs_13, uniq_crazy_yiuf_cottage
D:3:      layout_basic, lemuel_crystal_altar, gammafunk_temple_overflow_statue,
          chequers_ecumenical_altar_lobes, interstate_on_off

Skill      XL: |  1  2  3  4  5 |
---------------+----------------+-----
Fighting       | 4 5 |  5.1
Shields        | 4 5 |  5.0
Armour         | 4 5 |  5.0
Maces & Flails | 3 4 |  4.3

Action                   |  1- 3 |  4- 6 || total
-------------------------+-------+-------++-------
Melee: Flail             |    95 |    82 ||   177
       Headbutt          |    10 |     6 ||    16
Armor: Scale mail        |    51 |    24 ||    75
Dodge: Dodged            |    30 |    19 ||    49
Block: Kite shield       |    47 |    34 ||    81

Table legend: (Time is in decaauts)
 A = Elapsed time spent in this place.
 B = Non-inter-level travel time spent in this place.
 C = Inter-level travel time spent in this place.
 D = Time resting spent in this place.
 E = Time spent auto-exploring this place.
 F = Levels seen in this place.
 G = Mean time per level.
                   A        B        C        D        E       F      G
               +--------+--------+--------+--------+--------+-----+--------+
         Total |   3524 |   3438 |     86 |      0 |   2712 |   3 | 1174.7 |
       Dungeon |   3524 |   3438 |     86 |      0 |   2712 |   3 | 1174.7 |
               +--------+--------+--------+--------+--------+-----+--------+

Top non-repeatable levels by time:
     D:2: 1784 daAuts
     D:1: 884 daAuts
     D:3: 856 daAuts
